 Dungeon Crawl Stone Soup version 0.27-a0-1281-ge233d83751 (webtiles) character file.

Game seed: 14740998060977048466

1113 NightCrawler43 the Stinger (level 8, 0/46 HPs)
             Began as an Octopode Venom Mage on June 13, 2021.
             Was an Initiate of Gozag.
             Slain by an ice beast (9 damage)
             ... on level 5 of the Dungeon on June 15, 2021.
             The game lasted 00:21:28 (7827 turns).

NightCrawler43 the Stinger (Octopode Venom Mage)    Turns: 7827, Time: 00:21:28

Health: 0/46       AC:  1    Str:  8    XL:     8   Next: 33%
Magic:  9/14       EV: 14    Int: 19    God:    Gozag
Gold:   323        SH:  0    Dex: 12    Spells: 5/15 levels left

rFire    . . .     SeeInvis .   r - +2 short sword (elec)
rCold    . . .     Faith    .   (no shield)
rNeg     . . .     Spirit   .   (helmet restricted)
rPois    .         Reflect  .   (no amulet)
rElec    .         Harm     .   n - ring of willpower
rCorr    .         Rampage  .   (no ring)
Will     +....                  (no ring)
Stlth    +++.......             (no ring)
HPRegen  0.15/turn              (no ring)
MPRegen  0.14/turn              (no ring)
                                (no ring)
                                (no ring)

@: no status effects
A: almost no armour, amphibious, 8 rings, camouflage 1, gelatinous body 1,
(nimble swimmer 1), tentacles
a: Renounce Religion, Potion Petition, Call Merchant, Bribe Branch


You were on level 5 of the Dungeon.
You worshipped Gozag.
Gozag was aware of your devotion.
You visited 1 branch of the dungeon, and saw 6 of its levels.

You collected 455 gold pieces.
You spent 132 gold pieces at shops.

Inventory:

Hand Weapons
 r - a +2 short sword of electrocution (weapon)
Armour
 e - a +0 buckler
Jewellery
 n - a ring of willpower (left tentacle)
Wands
 l - a wand of polymorph (18)
Scrolls
 b - 3 scrolls of enchant weapon {unknown}
 c - a scroll of fog {unknown}
 f - a scroll of amnesia {unknown}
 h - 3 scrolls of fear {unknown}
 j - a scroll of holy word {unknown}
 m - 2 scrolls of identify {unknown}
 o - a scroll of immolation {unknown}
 p - a scroll of summoning {unknown}
 s - a scroll of silence {unknown}
 t - a scroll of vulnerability {unknown}
Potions
 a - 2 potions of curing
 g - a potion of cancellation {unknown}
 i - a potion of invisibility {unknown}
 k - a potion of resistance {unknown}
 q - a potion of might {unknown}


   Skills:
 - Level 4.0 Dodging
 - Level 4.0 Stealth
 + Level 3.8 Shields
 - Level 4.0 Spellcasting
 - Level 3.0 Transmutations
 - Level 4.0 Fire Magic
 - Level 6.0 Poison Magic


You had 5 spell levels left.
You knew the following spells:

 Your Spells              Type           Power      Damage    Failure   Level
a - Sting                 Tmut/Pois      80%        1d7       2%          1
b - Poisonous Vapours     Pois/Air       30%        N/A       6%          2
c - Ignite Poison         Fire/Tmut/Pois 20%        N/A       7%          3
d - Olgreb's Toxic Radia  Pois           26%        N/A       12%         4

Your spell library contained the following spells:

 Spells                   Type           Power      Damage    Failure   Level
 Shock                    Conj/Air       12%        1d3       14%         1
 Mephitic Cloud           Conj/Pois/Air  11%        N/A       19%         3
 Static Discharge         Conj/Air       3%         N/A       21%         2
 Swiftness                Air            3%         N/A       38%         3
 Airstrike                Air            1%         N/A       80%         4
 Lightning Bolt           Conj/Air       1%         1d12      98%         5


Dungeon Overview and Level Annotations

Branches:
Dungeon (6/15)             Temple (0/1) D:5

Altars:
Cheibriados
Gozag
Makhleb
Ru
Trog
Vehumet
The Shining One

Shops:
D:3 !


Innate Abilities, Weirdness & Mutations

You cannot wear most types of armour.
You are amphibious.
You can wear up to eight rings at the same time.
Your skin changes colour to match your surroundings (Stealth+).
Your rubbery body absorbs attacks. (AC +1, EV +1)
((You are camouflaged near water. (Stealth+)))
You have tentacles for arms and can constrict up to eight enemies at once.


Message History

Casting: Poisonous Vapours (safe; 6% risk of failure)
Confirm with . or Enter, or press ? or * to list all spells.
Aiming: Sting (safe; 2% risk of failure)
Press: ? - help, Shift-Dir - straight line, f/p - ice beast
Aim: an ice beast (lightly wounded, poisoned, 76% to hit)
The sting hits the ice beast.
The ice beast partially resists.
The ice beast is lightly wounded.
The ice beast hits you. The ice beast freezes you!
You need at least 400 gold to purchase potions right now!
Okay, then.
You feel much better. The ice beast closely misses you.
Unknown command.
Unknown command.
Casting: Sting (safe; 2% risk of failure)
Confirm with . or Enter, or press ? or * to list all spells.
Okay, then.
Casting: Sting (safe; 2% risk of failure)
Confirm with . or Enter, or press ? or * to list all spells.
You ignite the poison in your surroundings!
The ice beast seems to burn from within!
The ice beast is severely wounded.
The ice beast hits you. The ice beast freezes you!
Unknown command.
Unknown command.
Casting: Ignite Poison (dangerous; 7% risk of failure)
Confirm with . or Enter, or press ? or * to list all spells.
Aiming: Sting (safe; 2% risk of failure)
Press: ? - help, Shift-Dir - straight line, f/p - ice beast
Aim: an ice beast (severely wounded, 76% to hit)
The sting hits the ice beast.
The ice beast partially resists.
The ice beast is almost dead.
The ice beast hits you. The ice beast freezes you!
* * * LOW HITPOINT WARNING * * *
Unknown command.
Unknown command.
You feel better. The ice beast hits you.
* * * LOW HITPOINT WARNING * * *
The ice beast freezes you!
You die...
Your body crumbles into a pile of gold.

########................#......#.
#.......##.#.#####....#.#.
#####.####)#..............
#.........#######...>..#.
####.#..#.# #......#. ####.#....#
###....#... #.......#.#
#...####### #.#.#...#.#####.#.#
#...#(..@Y......#.#
###.......######### ###.##### ###


You could see an ice beast.

Vanquished Creatures
  Prince Ribbit (D:5)
  3 ogres
  A bullfrog (D:4)
  A scorpion (D:5)
  A howler monkey (D:4)
  A centaur zombie (D:5)
  A bullfrog zombie (D:5)
  2 hounds
  2 orc priests
  4 iguanas
  Jessica (D:2)
  Ijyb (D:5)
  An orc wizard (D:4)
  3 adders
  A shadow imp (D:5)
  An ufetubus (D:5)
  An adder skeleton (D:4)
  2 worms (D:3)
  2 dart slugs (D:1)
  15 orcs
  8 endoplasms
  2 giant cockroaches
  4 goblins
  11 hobgoblins
  8 jackals
  7 kobolds
  A quokka (D:1)
  4 ball pythons (D:1)
  5 bats
  11 frilled lizards (D:2)
  7 rats
113 creatures vanquished.

Vanquished Creatures (others)
  4 plants (D:2)
4 creatures vanquished.

Grand Total: 117 creatures vanquished

Notes
Turn   | Place    | Note
-------+----------+-------------------------------------------
     0 | D:1      | NightCrawler43 the Octopode Venom Mage began the quest for
                  | the Orb.
     0 | D:1      | Reached XP level 1. HP: 11/11 MP: 3/3
   449 | D:1      | Reached XP level 2. HP: 17/17 MP: 1/5
   452 | D:1      | Learned a level 2 spell: Poisonous Vapours
   851 | D:1      | Reached XP level 3. HP: 18/21 MP: 2/6
  2055 | D:1      | Learned a level 3 spell: Ignite Poison
  2196 | D:2      | Reached XP level 4. HP: 27/27 MP: 4/8
  2355 | D:2      | Noticed Jessica
  2358 | D:2      | Killed Jessica
  2412 | D:2      | Found a sacrificial altar of Ru.
  2905 | D:3      | Found a faded altar of an unknown god.
  2951 | D:3      | Reached XP level 5. HP: 19/31 MP: 0/10
  3266 | D:3      | Became a worshipper of Gozag Ym Sagoz the Greedy
  3313 | D:3      | Noticed an ogre
  3322 | D:3      | Killed an ogre
  3323 | D:3      | Reached skill level 4 in Poison Magic
  3415 | D:3      | Found a burning altar of Makhleb.
  3415 | D:3      | Found a bloodstained altar of Trog.
  3417 | D:3      | Found a glowing golden altar of the Shining One.
  3419 | D:3      | Found a snail-covered altar of Cheibriados.
  3419 | D:3      | Found a radiant altar of Vehumet.
  3463 | D:3      | Reached XP level 6. HP: 35/36 MP: 1/12
  3678 | D:3      | Found Luyt's Distillery.
  3686 | D:3      | Bought a potion of heal wounds for 60 gold pieces
  3686 | D:3      | Bought a potion of curing for 36 gold pieces
  3686 | D:3      | Bought a potion of curing for 36 gold pieces
  4225 | D:4      | Reached skill level 1 in Fire Magic
  4232 | D:4      | Identified the +12 chain mail of the Ten Ultimatums {rC+
                  | Will+}
  4489 | D:4      | Reached skill level 5 in Poison Magic
  4852 | D:4      | Reached XP level 7. HP: 41/41 MP: 5/13
  5425 | D:4      | Reached skill level 6 in Poison Magic
  5581 | D:5      | Entered Level 5 of the Dungeon
  5589 | D:5      | Noticed Prince Ribbit
  5601 | D:5      | Killed Prince Ribbit
  5859 | D:4      | Upgraded the game from 0.27-a0-1280-g9d2d252d84 to
                  | 0.27-a0-1281-ge233d83751
  5906 | D:5      | Reached skill level 1 in Shields
  6009 | D:5      | Reached XP level 8. HP: 46/46 MP: 7/14
  6464 | D:5      | Learned a level 4 spell: Olgreb's Toxic Radiance
  6793 | D:5      | Found a staircase to the Ecumenical Temple.
  6919 | D:5      | Noticed Ijyb
  6925 | D:5      | Killed Ijyb
  7827 | D:5      | Slain by an ice beast

Illustrated notes

Levels and vault maps discovered:
D:1:      dpeg_cavernosity, layout_loops_ring
D:2:      layout_rooms, basic_altar, minmay_lizard_king, uniq_jessica
D:3:      layout_basic, grunt_temple_overflow_open, serial_shops, shop_statue,
          chequers_ecumenical_altar_simple_redux
D:4:      layout_basic, kennysheep_big_empty_room, minmay_increasing_density
D:5:      layout_basic, temple_fountains, uniq_ijyb, uniq_prince_ribbit1
D:6:      layout_rooms, uniq_eustachio

Skill      XL: |  1  2  3  4  5  6  7  8 |
---------------+-------------------------+-----
Stealth        | 3 4 |  4.0
Transmutations | 2 3 |  3.0
Spellcasting   | 3 4 |  4.0
Poison Magic   | 4 5 6 |  6.0
Fire Magic     | 2 4 |  4.0
Dodging        | 3 4 |  4.0
Shields        | 1 3 |  3.8

Action                   |  1- 3 |  4- 6 |  7- 9 || total
-------------------------+-------+-------+-------++-------
Melee: Unarmed           |    13 |       |       ||    13
       Constrict         |     4 |     2 |     5 ||    11
       Tentacles         |     2 |       |     6 ||     8
       Dagger            |     1 |    12 |     2 ||    15
       Short sword       |       |       |    24 ||    24
       War axe           |       |       |     3 ||     3
 Cast: Sting             |    64 |    45 |     6 ||   115
       Poisonous Vapours |     6 |    54 |    40 ||   100
       Ignite Poison     |       |     1 |     4 ||     5
  Use: Potion            |       |     4 |     2 ||     6
 Stab: Sleeping          |       |     2 |       ||     2
Armor: Skin              |     1 |     2 |     3 ||     6
Dodge: Dodged            |    22 |    28 |    22 ||    72

Table legend: (Time is in decaauts)
 A = Elapsed time spent in this place.
 B = Non-inter-level travel time spent in this place.
 C = Inter-level travel time spent in this place.
 D = Time resting spent in this place.
 E = Time spent auto-exploring this place.
 F = Levels seen in this place.
 G = Mean time per level.
                   A        B        C        D        E       F      G
               +--------+--------+--------+--------+--------+-----+--------+
         Total |   7833 |   7666 |    167 |    627 |   6111 |   6 | 1305.5 |
       Dungeon |   7833 |   7666 |    167 |    627 |   6111 |   6 | 1305.5 |
               +--------+--------+--------+--------+--------+-----+--------+

Top non-repeatable levels by time:
     D:5: 2202 daAuts
     D:1: 2112 daAuts
     D:3: 1563 daAuts
     D:4: 1273 daAuts
     D:2: 652 daAuts
     D:6: 28 daAuts
